 Dungeon Crawl Stone Soup version 0.31.0-12-g77e489cdc1 (webtiles) character file.

Game seed: 3388406953367435299

1636 Cheops the Grappler (level 8, -2/48 HPs)
             Began as an Octopode Shapeshifter on Mar 7, 2024.
             Killed from afar by an electric eel (10 damage)
             ... with a bolt of electricity
             ... on level 7 of the Dungeon.
             The game lasted 00:22:49 (5256 turns).

Cheops the Grappler (Octopode Shapeshifter)         Turns: 5256, Time: 00:22:49

Health: -2/48      AC:  1    Str: 21    XL:     8   Next: 98%
Magic:  17/17      EV: 17    Int: 12    God:
Gold:   239        SH:  0    Dex: 12    Spells: 7/7 levels left

rFire   . .          .
                       - Unarmed
rCold   . . .        (shield currently unavailable)
rNeg    . . .        (helmet restricted)
rPois   .            (no amulet)
rElec   .            l - ring of magical power
rCorr   .            n - +6 ring of strength
SInv    .            (no ring)
Will    .....        (no ring)
Stlth   +            (no ring)
HPRegen 0.28/turn    (no ring)
MPRegen 0.15/turn    (no ring)
                     (no ring)

%: no passive effects
@: flux-form, glowing
A: glow, contaminating, almost no armour, amphibious, 8 rings, camouflage 1,
gelatinous body 1, (nimble swimmer 1), tentacles
a: Begin Untransformation


You were on level 7 of the Dungeon.
You were something dangerously unstable.
You visited 1 branch of the dungeon, and saw 5 of its levels.
You also visited: Ossuary.

You collected 239 gold pieces.

Inventory:

Jewellery
 l - a ring of magical power (left tentacle)
 n - a +6 ring of strength (right tentacle)
Talismans
 b - a beast talisman
 c - a flux talisman (active)
Wands
 u - a wand of polymorph (7)
Scrolls
 d - a scroll of fear {unknown}
 f - 7 scrolls of teleportation
 g - a scroll of butterflies {unknown}
 i - 3 scrolls of vulnerability {unknown}
 t - a scroll of blinking {unknown}
Potions
 a - 2 potions of lignification
 e - 3 potions of brilliance
 h - a potion of might {unknown}
 j - 7 potions of curing
 k - a potion of mutation {unknown}
 m - 3 potions of heal wounds {unknown}
 o - a potion of invisibility
 p - 3 potions of enlightenment {unknown}
 q - a potion of attraction
 r - a potion of haste


   Skills:
 - Level 1.0 Fighting
 + Level 2.8 Dodging
 - Level 9.0 Unarmed Combat
 - Level 7.0 Shapeshifting


You had 7 spell levels left.
You didn't know any spells.
Your spell library contained the following spells:

 Spells                   Type           Power      Damage    Failure   Level
 Slow                     Hex            0%         N/A       32%         1
 Confusing Touch          Hex            0%         N/A       69%         3
 Sigil of Binding         Hex            0%         N/A       69%         3
 Tukima's Dance           Hex            0%         N/A       69%         3
 Vampiric Draining        Necr           0%         2d6       69%         3
 Dimensional Bullseye     Hex/Tloc       0%         N/A       97%         4
 Iskenderun's Mystic Bla  Conj/Tloc      0%         2d3       97%         4


Dungeon Overview and Level Annotations

Branches:
Dungeon (4/15)            Ossuary (visited)
 Temple: D:4-7

Altars:
Cheibriados


Innate Abilities, Weirdness & Mutations

You are something dangerously unstable.
You glow with magical radiation, making you easy to see and hit.
Foes you strike become dangerously contaminated with magical radiation.
You are incapable of wielding weapons or throwing items.
You cannot wear most types of armour.
You are amphibious.
You can wear up to eight rings at the same time.
Your skin changes colour to match your surroundings (Stealth+).
Your rubbery body absorbs attacks. (AC +1, EV +1)
((You are camouflaged when in or above water. (Stealth+)))
You have tentacles for arms and can constrict up to eight enemies at once.


Message History

The ogre is severely wounded.
You tentacle-slap the ogre but do no damage.
The ogre shudders as magic cascades through it.
The ogre twists and deforms.
The ogre is severely wounded.
The ogre misses you.
You tentacle-slap the ogre.
The ogre begins to glow.
You squeeze the ogre.
You kill the ogre!
Training target 9.0 for Unarmed Combat reached!
Your Unarmed Combat skill increases to level 9!
You need to enable at least one skill for training.
You start resting.
HP restored.
Okay, then.
Okay, then.
Okay, then.
Unknown command.
You see here a +0 giant club.
An electric eel is nearby!
Okay, then.
An electric eel comes into view.
The electric eel shoots out a bolt of lightning at you!
The bolt of electricity misses you.
The electric eel shoots out a bolt of lightning at you!
The bolt of electricity misses you. The bolt of electricity hits you!
An electric eel comes into view.
Okay, then.
The electric eel shoots out a bolt of lightning at you!
The bolt of electricity hits you!
* * * LOW HITPOINT WARNING * * *
The bolt of electricity hits you!
* * * LOW HITPOINT WARNING * * *
The electric eel shoots out a bolt of lightning at you!
The bolt of electricity hits the electric eel.
The electric eel completely resists.
The bolt of electricity hits you.
* * * LOW HITPOINT WARNING * * *
The electric eel shoots out a bolt of lightning at you!
The bolt of electricity misses the electric eel.
The bolt of electricity hits you!
You die...

#...~~≈≈≈≈≈≈~~.~
..~~~≈S~≈≈≈≈≈≈~≈
##...~~.S≈≈≈≈≈≈≈~~ ###
#..#...~~~~≈~~≈≈≈~S~~
##.#####.# #..~S.~~.~≈~....
......##.###........~.~...
......................... .
........................###..
#......#########p.....>.....#
######...# ##........# ###.##
#.......# ####8)8####
#.....### #...).).).# #....##
#.##8.8##.####....#
#..##.##.....)....#
##....)............#
#.....######.......#


You could see 3 electric eels.

Vanquished Creatures
  A water moccasin (D:7)
  An orc warrior (D:7)
  2 ogres
  7 scorpions (Ossuary)
  3 howler monkeys (D:7)
  A bombardier beetle (D:2)
  A centaur zombie (Ossuary)
  4 human zombies (Ossuary)
  A gnoll bouda (D:7)
  An orc priest (D:7)
  Crazy Yiuf (D:2)
  4 scorpion zombies (Ossuary)
  Natasha (twice) (D:2)
  An orc wizard (D:7)
  3 mummies (Ossuary)
  Robin (D:2)
  9 gnolls
  4 adders (D:2)
  2 adder zombies (Ossuary)
  A ribbon worm (D:2)
  13 orcs
  4 bats
  7 endoplasms
  5 giant cockroaches
  5 gnoll zombies (Ossuary)
  12 goblins
  16 hobgoblins
  4 jackals (D:3)
  4 kobolds
  2 quokkas (D:2)
  6 ball pythons
  3 frilled lizards
  4 orc zombies (Ossuary)
  5 rats
140 creatures vanquished.

Notes
Turn   | Place    | Note
-------+----------+-------------------------------------------
     0 | D:1      | Cheops the Octopode Shapeshifter began the quest for the
                  | Orb.
     0 | D:1      | Reached XP level 1. HP: 13/13 MP: 1/1
   178 | D:1      | Reached XP level 2. HP: 17/18 MP: 2/2
   395 | D:1      | Reached skill level 4 in Unarmed Combat
   395 | D:1      | Reached XP level 3. HP: 21/23 MP: 3/3
  1597 | D:2      | Reached skill level 5 in Unarmed Combat
  1597 | D:2      | Reached XP level 4. HP: 16/28 MP: 4/4
  1721 | D:2      | Reached XP level 5. HP: 16/33 MP: 5/5
  1767 | D:2      | Noticed Robin
  1970 | D:2      | Killed Robin
  2003 | D:2      | Found a snail-covered altar of Cheibriados.
  2151 | D:2      | Noticed Natasha
  2163 | D:2      | Killed Natasha
  2172 | D:2      | Noticed Natasha
  2178 | D:2      | Killed Natasha
  2308 | D:2      | Reached XP level 6. HP: 38/38 MP: 6/6
  2340 | D:2      | Found a runed translucent door.
  2341 | D:2      | Noticed Crazy Yiuf
  2391 | D:2      | Found a faded altar of an unknown god.
  2607 | D:2      | Killed Crazy Yiuf
  2608 | D:2      | Reached skill level 5 in Shapeshifting
  3639 | D:4      | Found a sand-covered staircase.
  3648 | Ossuary  | Entered an ossuary
  3863 | Ossuary  | Reached XP level 7. HP: 31/43 MP: 7/7
  4253 | Ossuary  | Reached skill level 6 in Unarmed Combat
  4253 | Ossuary  | Reached XP level 8. HP: 42/48 MP: 8/8
  4607 | D:4      | Reached skill level 7 in Unarmed Combat
  4692 | D:4      | You fall into a shaft and drop 3 floors!
  4887 | D:7      | Reached skill level 8 in Unarmed Combat
  5197 | D:7      | Reached skill level 9 in Unarmed Combat
  5256 | D:7      | Killed from afar by an electric eel

Illustrated notes

Levels and vault maps discovered:
D:1:      dpeg_arrival_three_same_balls, layout_loops_ring,
          kennysheep_pointless_box
D:2:      layout_rooms, basic_altar,
          dreamdust_ecumenical_altar_hidden_monk_grotto, uniq_natasha,
          uniq_robin, uniq_crazy_yiuf_cottage
D:3:      layout_basic
D:4:      layout_rooms, mainiacjoe_ossuary_entry_dusty_tomb
D:7:      layout_layer_cave, grunt_gozag_statues, minmay_shop_mass,
          chequers_big_river, small_statue_intersection, uniq_maurice

Skill      XL: |  1  2  3  4  5  6  7  8 |
---------------+-------------------------+-----
Unarmed Combat | 4 5 6 9 |  9.0
Shapeshifting  | 4 6 7 |  7.0
Fighting       | |  1.0
Dodging        | |  2.8

Action                     |  1- 3 |  4- 6 |  7- 9 || total
---------------------------+-------+-------+-------++-------
  Melee: Unarmed           |    53 |   128 |   149 ||   330
         Constrict         |    13 |    33 |    46 ||    92
         Tentacles         |     9 |    19 |    44 ||    72
         Punch             |     1 |     7 |       ||     8
Ability: Begin Untransform |     1 |       |     1 ||     2
    Use: Scroll            |       |     1 |     5 ||     6
         Potion            |       |       |     3 ||     3
   Stab: Sleeping          |     2 |    10 |     1 ||    13
 Armour: Skin              |    15 |    42 |    49 ||   106
  Dodge: Dodged            |    19 |    55 |    97 ||   171
   Form: Beast             |     1 |       |       ||     1
         Flux              |       |       |     1 ||     1
